 Dungeon Crawl Stone Soup version 0.29-a0-207-gf982a884d8 (webtiles) character file.

Game seed: 7541206261637294827

58 bande the Covered (level 4, -7/29 HPs)
             Began as a Gargoyle Fighter on Feb 24, 2022.
             Mangled by a gnoll
             ... wielding a +0 halberd
              (10 damage)
             ... on level 2 of the Dungeon.
             The game lasted 00:02:02 (1147 turns).

bande the Covered (Gargoyle Fighter)                Turns: 1147, Time: 00:02:03

Health: -7/29      AC: 16    Str: 20    XL:     4   Next: 1%
Magic:  4/4        EV:  5    Int:  8    God:
Gold:   72         SH:  4    Dex: 11    Spells: 3/3 levels left

rFire   . . .      SeeInvis .   a - +0 war axe
rCold   . . .      Faith    .   c - +0 buckler
rNeg    + . .      Spirit   .   h - +0 plate armour
rPois   ∞          Reflect  .   j - +0 helmet
rElec   +          Harm     .   f - scarf {+Inv}
rCorr   .          Rampage  .   (no gloves)
Will    .....                   (no boots)
Stlth   ..........              (no amulet)
HPRegen 0.09/turn               (no ring)
MPRegen 0.09/turn               (no ring)

@: no status effects
A: sickness immunity, AC +3, negative energy resistance 1, electricity
resistance, torment resistance 1, petrification resistance
a: Evoke Invisibility


You were on level 2 of the Dungeon.
You visited 1 branch of the dungeon, and saw 2 of its levels.

You collected 72 gold pieces.

Inventory:

Hand Weapons
 a - a +0 war axe (weapon)
Armour
 c - a +0 buckler (worn)
 f - a scarf of invisibility (worn)
 h - a +0 plate armour (worn)
 j - a +0 helmet (worn)
Potions
 b - a potion of haste
 d - a potion of might
 e - a potion of invisibility {unknown}
 g - a potion of curing {unknown}


   Skills:
 + Level 3.7 Fighting
 + Level 2.4 Axes
 + Level 3.8 Armour
 + Level 3.6 Shields
 * Level 1.0 Evocations


You had 3 spell levels left.
You didn't know any spells.
Your spell library contained the following spells:

 Spells                   Type           Power      Damage    Failure   Level
 Slow                     Hex            0%         N/A       100%        1
 Confusing Touch          Hex            0%         N/A       100%        3
 Vampiric Draining        Necr           0%         2d6       100%        3


Dungeon Overview and Level Annotations

Branches:
Dungeon (2/15)

Altars:


Innate Abilities, Weirdness & Mutations

You are immune to sickness and miasma.
Your stone body is resilient. (AC +3)
You are immune to poison.
You resist negative energy. (rN+)
You are resistant to electric shocks. (rElec)
You are resistant to unholy torment.
You are immune to petrification.


Message History

You slash the gnoll!
You kill the gnoll!
You hit the gnoll.
The gnoll is lightly wounded.
The gnoll barely misses you.
The gnoll hits you from afar with a +0 halberd.
The gnoll hits you but does no damage.
You barely miss the gnoll.
The gnoll is lightly wounded.
The gnoll hits you but does no damage. x2
You hit the gnoll but do no damage.
The gnoll is lightly wounded.
The gnoll hits you from afar with a +0 halberd!
* * * LOW HITPOINT WARNING * * *
The gnoll hits you but does no damage.
You slash the gnoll!
The gnoll is severely wounded.
You block the gnoll's attack. x3; The gnoll hits you but does no damage.
You hit the gnoll.
You kill the gnoll!
The gnoll barely misses you.
Your Evocations skill increases to level 1!
You have reached level 4!
You feel stronger. You block the gnoll's attack. x2
Things that are here:
a +0 flail; a +0 whip; a gnoll corpse You closely miss the gnoll.
The gnoll hits you with a +0 halberd.
* * * LOW HITPOINT WARNING * * *
The gnoll barely misses you. You block the gnoll's attack.
You slash the gnoll!
The gnoll is heavily wounded.
You block the gnoll's attack. x3
You closely miss the gnoll.
The gnoll is heavily wounded.
You block the gnoll's attack. x2
You hit the gnoll but do no damage.
The gnoll is heavily wounded.
The gnoll hits you with a +0 halberd!
You die...

### ..# #.#
..################
.................#####
.........>...........#
......:.########.###.#
...........# #.#
#.#..†.###.# #@#
#.###### ### #g# #.#
#g# #.# #.# #. #.# #.#
#.. ###


You could see 2 gnolls.

Vanquished Creatures
  3 gnolls
  5 endoplasms
  2 giant cockroaches (D:1)
  A hobgoblin (D:1)
  2 kobolds (D:2)
  2 quokkas
  3 ball pythons
  2 bats (D:2)
  3 frilled lizards (D:1)
  3 goblins (D:1)
  A rat (D:1)
27 creatures vanquished.

Notes
Turn   | Place    | Note
-------+----------+-------------------------------------------
     0 | D:1      | bande the Gargoyle Fighter began the quest for the Orb.
     0 | D:1      | Reached XP level 1. HP: 14/14 MP: 1/1
   380 | D:1      | Reached XP level 2. HP: 19/19 MP: 2/2
   596 | D:1      | Reached XP level 3. HP: 23/23 MP: 3/3
   625 | D:1      | Found a faded altar of an unknown god.
  1143 | D:2      | Reached skill level 1 in Evocations
  1143 | D:2      | Reached XP level 4. HP: 8/29 MP: 4/4
  1147 | D:2      | Mangled by a gnoll

Illustrated notes

Levels and vault maps discovered:
D:1:      scummos_arrival_star, layout_loops_ring,
          shapermc_ecumenical_altar_hornbeckon, minmay_hexomino_p4
D:2:      cheibrodos_fertilizer, layout_loops_ring

Skill      XL: |  1  2  3 |
---------------+----------+-----
Axes           | 2 |  2.4
Evocations     | 1 |  1.0
Fighting       | |  3.7
Armour         | |  3.8
Shields        | |  3.6

Action                   |  1- 3 |  4- 6 || total
-------------------------+-------+-------++-------
Melee: War axe           |    78 |     4 ||    82
  Use: Scroll            |     3 |       ||     3
Armor: Plate armour      |    66 |       ||    66
Dodge: Dodged            |    22 |     1 ||    23
Block: Buckler           |    19 |     8 ||    27

Table legend: (Time is in decaauts)
 A = Elapsed time spent in this place.
 B = Non-inter-level travel time spent in this place.
 C = Inter-level travel time spent in this place.
 D = Time resting spent in this place.
 E = Time spent auto-exploring this place.
 F = Levels seen in this place.
 G = Mean time per level.
                   A        B        C        D        E       F      G
               +--------+--------+--------+--------+--------+-----+--------+
         Total |   1187 |   1187 |      0 |      0 |    913 |   2 |  593.5 |
       Dungeon |   1187 |   1187 |      0 |      0 |    913 |   2 |  593.5 |
               +--------+--------+--------+--------+--------+-----+--------+

Top non-repeatable levels by time:
     D:1: 978 daAuts
     D:2: 208 daAuts
